 Dungeon Crawl Stone Soup version 0.18-a0-1808-g3e993bd (webtiles) character file.

394728 jerkstore the Imperceptible (level 23, -22/153 HPs)
             Began as a Kobold Assassin on Apr 24, 2016.
             Was the Champion of Pakellas.
             Killed from afar by a primal firebat beast (63 damage)
             ... with a blast of flame
             ... summoned by the player character
             ... on level 5 of the Abyss on Apr 26, 2016.
             The game lasted 14:49:17 (57322 turns).

jerkstore the Imperceptible (Kobold Assassin)      Turns: 57322, Time: 14:49:18

Health: -22/153    AC: 22    Str: 10      XL:     23   Next: 88%
Magic:  5/30       EV: 43    Int:  7 (11) God:    Pakellas [******]
Gold:   1142       SH:  0    Dex: 27 (28) Spells: 0 memorised, 22 levels left

rFire  . . .     SeeInvis +     b - +6 rod of shadows (8/17)
rCold  + . .     Gourm    .     J - +5 ring mail of Debiah {rC+ Str-5 Dex+7 Stlth+}
rNeg   . . .     Faith    .     (shield restricted)
rPois  .         Spirit   .     V - +3 crown of Dyrovepreva {rElec Int+2 SInv}
rElec  +         Dismiss  .     e - +2 cloak {+Inv}
rCorr  .         Reflect  .     L - +2 pair of gloves {Str+3}
SustAt .         Harm     .     D - +2 pair of boots {Fly}
MR     +....                    q - amulet of regeneration {+regen, !d}
Stlth  ++++++++++               M - +5 ring of evasion
                                Y - +5 ring of evasion

@: about to teleport, flying, drained, somewhat resistant to hostile
enchantments, uncannily stealthy
A: carnivore 3, clumsy 2, deformed body, low mp 2, mutation resistance 1, no
device heal 2
a: Quick Charge, Device Surge, Renounce Religion, Evoke Invisibility, Stop
Flying
}: 3/15 runes: serpentine, barnacled, abyssal


You were on level 5 of the Abyss.
You worshipped Pakellas.
Pakellas was exalted by your worship.
You were not hungry.

You visited 9 branches of the dungeon, and saw 41 of its levels.
You visited the Abyss 2 times.
You also visited: Labyrinth, Sewer, Bailey and Ice Cave.

You collected 5204 gold pieces.
You spent 4062 gold pieces at shops.

Inventory:

Hand Weapons
 p - a +9 quick blade of chaos
   (You found it on level 8 of the Lair of Beasts)
 w - the +10 dagger "Hes Corgh" {pierce, rPois Dex+4}
   (You took it off a deep elf annihilator on level 3 of the Elven Halls)

   It inflicts extra damage upon your enemies.
   It affects your dexterity (+4).
   It protects you from poison.
Armour
 e - a +2 cloak of invisibility (worn)
   (You took it off Maurice on level 13 of the Dungeon)
 B - a +2 pair of gloves of cold resistance
   (You found it in an ice cave)
 D - a +2 pair of boots of flying (worn)
   (You acquired it on level 4 of the Snake Pit)
 J - the +5 ring mail of Debiah (worn) {rC+ Str-5 Dex+7 Stlth+}
   (You found it on level 4 of the Shoals)

   It affects your strength (-5).
   It affects your dexterity (+7).
   It protects you from cold.
   It makes you more stealthy.
 L - a +2 pair of gloves of strength (worn)
   (You found it on level 3 of the Elven Halls)
 N - the +0 cloak of Pandemonium {rElec rC- rCorr}
   (You found it on level 9 of the Dungeon)

   It makes you vulnerable to cold.
   It insulates you from electricity.
   It protects you from acid and corrosion.
 V - the +3 crown of Dyrovepreva (worn) {rElec Int+2 SInv}
   (You bought it in a shop on level 10 of the Dungeon)

   It affects your intelligence (+2).
   It insulates you from electricity.
   It lets you see invisible.
Rods
 a - a +10 iron rod (18/18)
   (You found it in a labyrinth)
 b - a +6 rod of shadows (8/17) (in hand)
   (You found it in a labyrinth)
 x - a +9 lightning rod (15/15)
   (You bought it in a shop on level 2 of the Elven Halls)
Jewellery
 m - the ring "Ferorexu" {rPois Str+2}
   (You acquired it on level 2 of the Shoals)

   [ring of strength]

   It affects your strength (+2).
   It protects you from poison.
 q - an amulet of regeneration (around neck) {+regen, !d}
   (You found it on level 2 of the Snake Pit)
 M - a +5 ring of evasion (right hand)
   (You found it on level 9 of the Dungeon)
 P - an uncursed ring of resist corrosion
   (You found it in a labyrinth)
 Q - an uncursed ring of protection from fire {rF+, !d}
   (You found it in a labyrinth)
 Y - a +5 ring of evasion (left hand)
   (You found it on level 2 of the Abyss)
Wands
 f - a wand of teleportation (3/9)
   (You found it on level 14 of the Dungeon)
 h - a wand of heal wounds (3/9)
   (You acquired it on level 2 of the Lair of Beasts)
 v - a wand of hasting (8/9)
   (You found it on level 3 of the Snake Pit)
 z - a wand of iceblast (14/15)
   (You took it off a gnoll on level 5 of the Dungeon)
 A - a wand of digging (23/24)
   (You found it on level 4 of the Lair of Beasts)
 E - a wand of paralysis (8/24)
   (You found it on level 5 of the Abyss)
 O - a wand of paralysis (8/24)
   (You found it on level 2 of the Abyss)
 T - a wand of acid (15/15)
   (You acquired it on level 13 of the Dungeon)
Scrolls
 c - 2 scrolls of summoning
 k - 2 scrolls of identify
 l - 8 scrolls of magic mapping {!r}
 o - 4 scrolls of fear
 y - 18 scrolls of remove curse
 I - 4 scrolls of enchant weapon
 S - 12 scrolls of teleportation
 U - 4 scrolls of enchant armour
Potions
 i - 3 potions of haste
 r - 6 potions of cure mutation {!q}
 u - 2 potions of invisibility
 C - 5 potions of curing
 G - 3 potions of magic
Miscellaneous
 j - a plain deck of destruction {Venom}
   (You found it on level 1 of the Elven Halls)
 n - a sack of spiders
   (You found it on level 4 of the Shoals)
 s - a fan of gales
   (You found it on level 15 of the Dungeon)
 t - 3 phantom mirrors
 F - a box of beasts {used: 3}
   (Pakellas gifted it to you on level 7 of the Dungeon)
 H - a lamp of fire
   (You found it on level 2 of the Lair of Beasts)
 K - a phial of floods
   (Pakellas gifted it to you on level 9 of the Dungeon)
 R - an ornate deck of war
   (You found it on level 3 of the Elven Halls)
 W - a disc of storms
   (You found it on level 2 of the Lair of Beasts)
 Z - a plain deck of summoning
   (You found it on level 3 of the Elven Halls)
Comestibles
 d - a slice of pizza
 g - 16 meat rations {@e2}


   Skills:
 + Level 18.9(18.3) Fighting
 - Level 14.5(14.1) Short Blades
   Level 0.8(0.5) Staves
 - Level 4.3(3.9) Throwing
 - Level 8.3(7.9) Armour
 + Level 20.1(19.5) Dodging
 + Level 24.0(23.4) Stealth
 + Level 22.9(22.4) Evocations


You had 22 spell levels left.
You didn't know any spells.

Dungeon Overview and Level Annotations

Branches:
Dungeon (15/15)            Temple (1/1) D:5            Lair (8/8) D:9
 Shoals (4/4) Lair:6        Snake (4/4) Lair:5        Slime (1/6) Lair:8
    Orc (2/2) D:10            Elf (3/3) Orc:2        Vaults (3/5) D:13
  Crypt (0/3) Vaults:3     Depths (0/5) D:15

Altars:
Ashenzari
Cheibriados
Dithmenos
Elyvilon
Fedhas
Gozag
Kikubaaqudgha
Makhleb
Nemelex Xobeh
Okawaru
Pakellas
Qazlal
Ru
Sif Muna
Trog
Vehumet
Xom
Yredelemnul
Zin
The Shining One
Beogh
Jiyva

Shops:
D:7 ?   D:10 [   D:12 *=?%!   Orc:2 %*:[   Elf:1 ?   Elf:2 }   Vaults:3 [

Portals:
Trove: Vaults:1 (give 16 scrolls of teleportation)

Annotations:
D:3 pestonoire's ghost, amateur TrHu
D:8 exclusion: obsidian statue


Innate Abilities, Weirdness & Mutations

You are small and have problems with some larger weapons.
You are carnivorous and can eat meat at any time.
You are somewhat resistant to further mutation.
[You are very clumsy. (Dex -4)]
[Armour fits poorly on your strangely shaped body.]
[Your magical capacity is very low (-20% MP).]
[Potions and wands are poor at restoring your health.]


Message History

The wretched star glows turbulently.
The orb of energy hits you!
* * * LOW HITPOINT WARNING * * *
The orb of energy explodes!
The primal firebat beast breathes flames at you.
The blast of flame misses you. The golden eye blinks at you.
You are more confused.
You take 22 damage, and have 41/153 hp.
Drink which item? (? for menu, Esc to quit)
Okay, then.
Unknown command.
Nothing appears to happen.
This wand has 6 charges left.
The wretched star glows turbulently.
The orb of energy hits you!
* * * LOW HITPOINT WARNING * * *
The orb of energy explodes!
You take 12 damage, and have 29/153 hp.
Drink which item? (? for menu, Esc to quit)
Okay, then.
Drink which item? (? for menu, Esc to quit)
You feel better.
The primal firebat beast completely misses you.
The golden eye blinks at you.
You are confused.
You regained 4 hp, and now have 33/153 hp.
Drink which item? (? for menu, Esc to quit)
You feel better.
The primal firebat beast barely misses you.
The golden eye blinks!
A starcursed mass comes into view.
You regained 2 hp, and now have 35/153 hp.
Okay, then.
You feel much better.
This wand has 5 charges left.
The golden eye blinks at you. You resist with some effort.
The primal firebat beast breathes flames at you.
The blast of flame misses you.
A starcursed mass splits.
You regained 7 hp, and now have 42/153 hp.
You feel strangely unstable.
You feel the power of the Abyss delaying your translocation!
This wand has 3 charges left.
The golden eye blinks at you. You resist with almost no effort.
The primal firebat beast hits you but does no damage.
The golden eye blinks!
You feel much better.
This wand has 4 charges left.
The primal firebat beast completely misses you.
The golden eye blinks at you. You resist with almost no effort.
You regained 7 hp, and now have 50/153 hp.
A spatial vortex comes into view.
The primal firebat beast gives a loud, deep croak!
The golden eye blinks at you. You resist with almost no effort.
The spatial vortex moves out of view.
A starcursed mass splits.
There is an open door here.
You feel much better.
This wand has 3 charges left.
The golden eye blinks at you.
You are confused.
A chorus of shrieks assaults your mind.
The primal firebat beast breathes flames at you.
The blast of flame hits the wretched star.
The wretched star resists.
The blast of flame misses you.
Unknown command.
Okay, then.
A starcursed mass splits. x2
The golden eye blinks!
A chorus of shrieks assaults your mind.
* * * LOW HITPOINT WARNING * * *
You take 10 damage, and have 41/153 hp.
Drink which item? (? for menu, Esc to quit)
You feel better. The golden eye blinks at you.
You are confused.
The primal firebat beast completely misses you.
The wretched star pulses with an eldritch light!
The primal firebat beast twists and deforms.
The golden eye twists and deforms.
You regained 3 hp, and now have 44/153 hp.
Drink which item? (? for menu, Esc to quit)
You feel better.
The primal firebat beast gives a loud, deep croak!
The golden eye blinks at you. You resist with some effort.
The primal firebat beast completely misses you.
The golden eye blinks at you.
You are confused.
The starcursed mass engulfs you but does no damage.
A deafening chorus of shrieks assaults your mind!
* * * LOW HITPOINT WARNING * * *
You suddenly lose the ability to move!
You can move again.
You take 7 damage, and have 37/153 hp.
Drink which item? (? for menu, Esc to quit)
You feel better.
The primal firebat beast breathes flames at you.
The blast of flame hits you!
You die...
Pakellas says: That's one more possible approach eliminated.

# . .. .. .
.v.##'.# .... #
.......#...# #
#.....#...#
..#.....#...# . .
#......#...##.# .
##...G.#.....#
#...ยง..H#...#
#..x.*@...#
#...XX#.....#
#.##.# .....#
#.XX.......## #
..X#.........
.............#..#
##..........#....
##.X. ........#
#..## .....


You could see 5 starcursed masses, a primal firebat beast, a wretched star, a
spatial vortex, a small abomination and a golden eye.

Vanquished Creatures
  Norris (D:13)
  A profane servitor (Abyss:2)
  Jorgrun (Vaults:3)
  A tentacled monstrosity (Vaults:2)
  2 deep elf blademasters (Elf:3)
  Asterion (Vaults:1)
  2 deep elf master archers (Elf:3)
  5 tentacled starspawn
  A sphinx (shapeshifter) (Snake:4)
  A sphinx (Vaults:2)
  A tengu reaver (Vaults:2)
  Ilsuiw (Shoals:4)
  A revenant (Abyss:3)
  10 greater nagas
  A ghost moth (shapeshifter) (D:15)
  Maud (Orc:2)
  Donald (D:13)
  6 deep elf sorcerers
  2 orc warlords
  A balrug (Abyss:5)
  Louise (Elf:3)
  3 deep elf elementalists (Elf:3)
  2 vault wardens (Vaults:2)
  A cacodemon (Abyss:3)
  4 ironheart preservers
  6 deep elf demonologists
  A salamander stormcaller (D:15)
  7 very ugly things
  3 stone giants (Vaults:2)
  5 deep elf annihilators (Elf:3)
  2 merfolk javelineers (Shoals:4)
  2 eidola (Abyss:5)
  8 merfolk impalers
  4 yaktaur captains
  A minotaur (Lab)
  6 vault guards
  6 deep elf death magi (Elf:3)
  A fire dragon (Vaults:2)
  2 deep elf high priests (Elf:3)
  3 great orbs of eyes
  2 rakshasas
  5 hydras
  12 naga warriors
  2 death knights
  2 catoblepae (Lair:8)
  A merfolk avatar (Shoals:4)
  5 ogre magi
  9 anacondas
  Erolcha (Orc:1)
  An alligator snapping turtle (Shoals:1)
  8 centaur warriors
  6 merfolk aquamancers
  A deep troll earth mage (Vaults:3)
  20 dancing weapons
  A titan zombie (D:15)
  The ghost of SmilinJack the Fighter, a novice DsGl of Makhleb (D:9)
  3 hell hogs (Abyss:3)
  2 tengu warriors (D:15)
  14 death yaks
  7 naga sharpshooters
  2 deep troll shamans (Vaults:3)
  6 orc high priests
  5 thrashing horrors
  7 shock serpents
  15 deep elf knights
  5 skeletal warriors
  2 salamander mystics
  4 wretched stars
  A fire crab (Vaults:3)
  2 shadow wraiths
  2 deep trolls (Vaults:3)
  2 unseen horrors
  A spatial maelstrom (Abyss:3)
  A flayed ghost (Vaults:2)
  10 sea snakes
  10 deep elf archers
  A giant orange brain (Abyss:5)
  A swamp dragon (Abyss:2)
  8 naga ritualists
  2 phantasmal warriors
  Pikel (D:7)
  11 hill giants
  6 ironbrand convokers
  2 wolf spider zombies
  3 wizards
  15 orc knights
  60 deep elf magi
  3 wolf spiders (Vaults:1)
  16 harpies
  19 ugly things
  A necromancer (D:15)
  A wolf spider (shapeshifter) (Elf:2)
  A frost giant zombie (Abyss:3)
  2 hornets
  6 mana vipers
  6 cyclopes
  7 orc sorcerers
  8 griffons
  A worldbinder (Abyss:5)
  7 salamanders
  10 manticores
  A sixfirhy (Abyss:3)
  6 fauns (Shoals:1)
  5 elephants (Lair:4)
  3 guardian serpents
  An octopode (shapeshifter) (Elf:1)
  28 black mambas
  A rust devil (Abyss:3)
  7 water nymphs
  A gargoyle (D:13)
  11 sirens
  6 vault sentinels
  An apocalypse crab (Abyss:2)
  A spriggan zombie (D:15)
  15 naga magi
  2 orange demons
  6 smoke demons
  8 spiny frogs
  Psyche (D:10)
  14 freezing wraiths
  7 komodo dragons
  A redback zombie (D:12)
  2 rime drakes
  9 yaktaurs
  2 ancient zymes
  An efreet (Abyss:3)
  4 wind drakes (Shoals:4)
  10 trolls
  27 merfolk
  19 blink frogs
  A giant leech (Abyss:5)
  10 slime creatures
  10 two-headed ogres
  2 wolf spider simulacra
  2 hornet zombies
  A boulder beetle (shapeshifter) (Elf:3)
  A deep troll zombie (D:15)
  A boulder beetle (Vaults:1)
  14 raiju
  A flying skull (Abyss:4)
  9 snapping turtles
  2 redbacks
  4 ynoxinuls
  6 water elementals
  An air elemental (Elf:1)
  14 large abominations
  7 spriggans (Lair:3)
  2 wraiths
  46 yaks
  A fire elemental (Elf:3)
  3 wyverns
  A basilisk (shapeshifter) (Vaults:2)
  13 humans
  2 golden eyes (Abyss:4)
  A steam dragon (D:7)
  A hog (shapeshifter) (Vaults:1)
  8 basilisks
  A chaos spawn (Abyss:2)
  3 hungry ghosts
  5 vampire mosquitoes
  2 neqoxecs
  7 wargs
  15 hippogriffs
  Menkaure (D:6)
  A mottled dragon (D:14)
  2 spatial vortices
  A mottled dragon (shapeshifter) (Elf:2)
  A soldier ant (shapeshifter) (Vaults:2)
  A swamp worm (shapeshifter) (Elf:1)
  17 water moccasins
  43 nagas
  58 orc warriors
  6 porcupines
  Purgy (Sewer)
  4 sky beasts
  A slave (D:7)
  A black bear (Lair:3)
  12 ice beasts
  An ettin simulacrum (Vaults:2)
  32 ogres
  2 phantoms
  4 eyes of draining
  A necrophage (D:5)
  6 wolves
  31 centaurs
  9 boggarts
  11 crocodiles
  5 big kobolds
  24 giant frogs
  3 earth elementals
  2 wyvern zombies
  A gnoll sergeant (D:13)
  11 small abominations
  A wyvern skeleton (D:10)
  7 scorpions
  An elf simulacrum (Vaults:1)
  10 killer bees
  A tengu skeleton (D:15)
  8 wights
  An electric eel (Lair:2)
  4 howler monkeys
  5 crimson imps
  2 giant frog zombies
  2 centaur zombies
  4 quasits
  A draconian simulacrum (IceCv)
  7 hounds
  32 orc priests
  Crazy Yiuf (D:7)
  2 centaur skeletons
  A giant frog skeleton (D:5)
  14 jellies
  2 gnoll shamans (D:5)
  7 iguanas
  An iron imp (Abyss:3)
  Ijyb (D:2)
  Natasha (thrice) (D:4)
  33 orc wizards
  13 worker ants
  3 troll simulacra (IceCv)
  3 wolf simulacra (IceCv)
  30 sheep
  3 centaur simulacra
  4 hound skeletons
  2 howler monkey zombies
  A worker ant zombie (D:8)
  49 gnolls
  2 naga simulacra (IceCv)
  2 ogre simulacra (IceCv)
  15 adders
  67 river rats
  5 shadow imps
  16 white imps
  2 ufetubi
  5 oozes
  3 adder skeletons
  2 worms
  2 dart slugs
  4 giant geckos
  148 orcs
  3 ball pythons
  5 bats
  8 giant cockroaches
  8 goblins
  5 hobgoblins
  23 jackals
  5 quokkas
  A giant gecko skeleton (D:8)
  10 giant newts
  A jackal skeleton (D:7)
  9 kobolds
  8 rats
  3 crawling corpses (Elf:3)
  A fungus (D:9)
  A lurking horror (Abyss:3)
  3 plants
  A starspawn tentacle (Abyss:5)
1802 creatures vanquished.

Vanquished Creatures (collateral kills)
  A tentacled starspawn (Abyss:5)
  The ghost of Jojapa the Axe Maniac, an adept MiBe of Trog (Shoals:2)
  A daeva (Elf:3)
  5 greater nagas
  A vault warden (Vaults:2)
  3 orc warlords
  2 deep elf sorcerers
  3 ironheart preservers
  A deep elf elementalist (Elf:3)
  A stone giant (Vaults:1)
  A very ugly thing (Vaults:2)
  A vampire knight (Vaults:3)
  2 deep elf annihilators
  2 merfolk javelineers
  An ettin (Vaults:1)
  2 deep elf death magi
  2 merfolk impalers
  A great orb of eyes (Vaults:2)
  2 naga warriors
  3 hydras
  An anaconda (Snake:4)
  A catoblepas (Lair:8)
  A centaur warrior (D:14)
  2 merfolk aquamancers (Shoals:4)
  6 dancing weapons
  A hell hog (shapeshifter) (Vaults:2)
  6 death yaks
  A thrashing horror (Abyss:2)
  A vampire mage (D:15)
  A deep troll earth mage (Vaults:3)
  An orc high priest (Orc:2)
  6 naga sharpshooters
  2 wretched stars (Abyss:5)
  4 deep elf knights
  A fire crab (Vaults:3)
  2 skeletal warriors
  A shadow wraith (Abyss:3)
  2 sea snakes (Shoals:4)
  A giant orange brain (Vaults:2)
  3 deep trolls (Vaults:3)
  2 naga ritualists
  2 deep elf archers
  3 harpies
  A necromancer (IceCv)
  An ironbrand convoker (Vaults:3)
  An orb spider (Abyss:5)
  3 orc knights
  4 griffons
  A manticore (D:10)
  3 ugly things
  4 fauns (Shoals:1)
  5 deep elf magi
  A cyclops (Shoals:4)
  Maurice (D:13)
  3 salamanders
  7 naga magi
  2 ice statues
  5 black mambas
  A torpor snail (Snake:2)
  A guardian serpent (Abyss:3)
  6 spiny frogs
  2 large abominations (Abyss:5)
  A spiny frog (shapeshifter) (Abyss:5)
  A rime drake (Snake:1)
  2 freezing wraiths
  A yaktaur (Vaults:1)
  An ancient zyme (Abyss:5)
  7 merfolk
  A troll (Orc:1)
  3 two-headed ogres
  A raiju (Abyss:5)
  A boulder beetle (Vaults:2)
  A snapping turtle (Shoals:4)
  An air elemental (Elf:2)
  A spriggan (Lair:3)
  5 blink frogs
  2 water elementals
  18 yaks
  A wraith (D:14)
  3 humans (D:13)
  2 vampire mosquitoes (Vaults:1)
  A hippogriff (D:10)
  A steam dragon (D:10)
  5 water moccasins
  5 nagas
  2 ice beasts (IceCv)
  2 porcupines
  12 orc warriors
  A boggart (Vaults:2)
  3 ogres
  3 centaurs
  2 wolves
  3 crocodiles
  A wyvern zombie (D:13)
  A giant frog (D:13)
  3 wights (D:12)
  2 electric eels (Shoals:4)
  A crimson imp (D:9)
  A draconian simulacrum (IceCv)
  A quasit (D:13)
  An iron imp (Abyss:2)
  9 orc priests
  4 orc wizards
  2 troll simulacra (IceCv)
  A spriggan simulacrum (IceCv)
  5 sheep
  3 naga simulacra (IceCv)
  An adder (D:10)
  3 ogre simulacra (IceCv)
  12 river rats
  2 white imps (IceCv)
  22 orcs
  A plant (Lair:6)
  A starspawn tentacle (Abyss:5)
309 creatures vanquished.

Vanquished Creatures (others)
  A deep elf elementalist (Abyss:5)
  A great orb of eyes (shapeshifter) (Shoals:4)
  A deep elf knight (Elf:2)
  An unseen horror (Abyss:2)
  A deep elf mage (Elf:3)
  2 raiju
  A water elemental (Elf:3)
  A fire bat (Abyss:2)
  2 ogres
  An iguana (D:4)
  An orc wizard (Orc:2)
  2 worker ants (D:4)
  4 orcs
  A crawling corpse (Elf:3)
  24 fungi
  10 plants
  20 starspawn tentacles
  456 starspawn tentacle segments
  6 tentacles (Shoals:4)
  16 tentacle segments (Shoals:4)
  3 withered plants (D:15)
555 creatures vanquished.

Grand Total: 2666 creatures vanquished

Notes
Turn   | Place    | Note
--------------------------------------------------------------
     0 | D:1      | jerkstore the Kobold Assassin began the quest for the Orb.
     0 | D:1      | Reached XP level 1. HP: 12/12 MP: 1/1
   171 | D:1      | Reached XP level 2. HP: 18/18 MP: 2/2
   404 | D:1      | Reached skill level 3 in Short Blades
   793 | D:1      | Reached XP level 3. HP: 8/22 MP: 3/3
   797 | D:1      | HP: 5/22 [hobgoblin (2)]
   798 | D:1      | HP: 1/22 [hobgoblin (4)]
  1115 | D:2      | Noticed Ijyb
  1122 | D:2      | Killed Ijyb
  1122 | D:2      | Reached skill level 2 in Dodging
  1128 | D:2      | Reached XP level 4. HP: 27/27 MP: 4/4
  1186 | D:2      | Reached skill level 3 in Fighting
  1492 | D:2      | Reached XP level 5. HP: 32/32 MP: 5/5
  1827 | D:3      | Found a glowing drain.
  1844 | D:3      | Reached skill level 4 in Short Blades
  1844 | D:3      | Reached skill level 3 in Throwing
  1848 | D:3      | Reached skill level 6 in Stealth
  1857 | Sewer    | Entered a sewer
  1898 | Sewer    | Noticed Purgy
  1905 | Sewer    | Killed Purgy
  1905 | Sewer    | Reached skill level 3 in Dodging
  1905 | Sewer    | Reached XP level 6. HP: 38/38 MP: 6/6
  2461 | D:3      | Noticed pestonoire's ghost (amateur TrHu)
  2769 | D:4      | Found a shimmering altar of Xom.
  2836 | D:4      | Noticed Natasha
  2841 | D:4      | Killed Natasha
  2841 | D:4      | Reached skill level 1 in Armour
  2841 | D:4      | Reached XP level 7. HP: 42/42 MP: 7/7
  2884 | D:4      | HP: 1/42 [ogre/giant spiked club (21)]
  2904 | D:4      | Reached skill level 5 in Short Blades
  2904 | D:4      | Reached skill level 4 in Throwing
  2986 | D:4      | Noticed Natasha
  3002 | D:4      | Killed Natasha
  3136 | D:4      | Found a glowing silver altar of Zin.
  3245 | D:5      | Entered Level 5 of the Dungeon
  3261 | D:5      | Reached skill level 4 in Fighting
  3261 | D:5      | Reached skill level 1 in Evocations
  3280 | D:5      | Reached skill level 4 in Dodging
  3499 | D:5      | Reached skill level 2 in Evocations
  3512 | D:5      | Reached XP level 8. HP: 37/48 MP: 9/9
  3524 | D:5      | Reached skill level 2 in Armour
  3584 | D:5      | Reached skill level 7 in Fighting
  3584 | D:5      | Reached skill level 9 in Short Blades
  3584 | D:5      | Reached skill level 5 in Armour
  3584 | D:5      | Reached skill level 8 in Dodging
  3584 | D:5      | Reached skill level 7 in Evocations
  3584 | D:5      | Reached XP level 9. HP: 57/57 MP: 9/14
  3585 | D:5      | Reached skill level 13 in Stealth
  3585 | D:5      | Reached XP level 10. HP: 63/63 MP: 9/15
  3723 | D:4      | Noticed Natasha
  4302 | D:5      | Found a staircase to the Ecumenical Temple.
  4320 | Temple   | Entered the Ecumenical Temple
  4462 | D:5      | Found a glowing golden altar of the Shining One.
  4580 | D:5      | Found an oddly glowing altar of Pakellas.
  4607 | D:5      | Became a worshipper of Pakellas the Inventive
  4742 | D:5      | Found a radiant altar of Vehumet.
  4784 | D:4      | Killed Natasha
  4785 | D:4      | Found a sparkling altar of Nemelex Xobeh.
  5137 | D:6      | Noticed Menkaure
  5186 | D:6      | HP: 15/64 [??? (12)]
  5776 | D:6      | Killed Menkaure
  5776 | D:6      | Reached skill level 14 in Stealth
  5858 | D:6      | Reached * piety under Pakellas
  5858 | D:6      | Received a gift from Pakellas
  6290 | D:7      | Reached skill level 8 in Fighting
  6523 | D:7      | Reached skill level 10 in Short Blades
  6553 | D:7      | Reached skill level 8 in Evocations
  6561 | D:7      | Reached ** piety under Pakellas
  6561 | D:7      | Received a gift from Pakellas
  6626 | D:7      | Found a deep blue altar of Sif Muna.
  6631 | D:7      | Reached XP level 11. HP: 68/68 MP: 17/17
  6974 | D:7      | Noticed Pikel
  6995 | D:7      | Killed Pikel
  7015 | D:7      | Found Baowuch's Magic Scroll Emporium.
  7023 | D:7      | Bought a scroll of enchant armour for 105 gold pieces
  7023 | D:7      | Bought a scroll of identify for 28 gold pieces
  7023 | D:7      | Bought a scroll of identify for 28 gold pieces
  7130 | D:7      | Noticed Crazy Yiuf
  7144 | D:7      | Killed Crazy Yiuf
  7508 | D:7      | Identified Sif Muna's Guide on Enhancements (You found it on level 7 of the Dungeon)
  7561 | D:8      | Reached skill level 9 in Dodging
  7769 | D:8      | Reached *** piety under Pakellas
  7769 | D:8      | Received a gift from Pakellas
  7829 | D:8      | Found a basalt altar of Yredelemnul.
  8056 | D:8      | Found a bloodstained altar of Trog.
  8060 | D:8      | Found a snail-covered altar of Cheibriados.
  8064 | D:8      | Found an iron altar of Okawaru.
  8125 | D:8      | Noticed an obsidian statue
  8471 | D:8      | Found an oddly glowing altar of Pakellas.
  8471 | D:8      | Found a shadowy altar of Dithmenos.
  8684 | D:9      | Found a staircase to the Lair.
  8685 | D:9      | Got an iridescent long sword
  8690 | D:9      | Identified the +9 long sword "Killer Bee's Death" {drain, rC+ rN+ MR+ MP-9} (You found it on level 9 of the Dungeon)
  9240 | D:9      | Noticed a hill giant
  9283 | D:9      | Reached **** piety under Pakellas
  9283 | D:9      | Received a gift from Pakellas
  9381 | D:9      | Noticed SmilinJack's ghost (novice DsGl)
  9399 | D:9      | Reached skill level 9 in Evocations
  9671 | D:9      | Killed a hill giant
  9671 | D:9      | Reached skill level 9 in Fighting
  9796 | D:9      | Killed SmilinJack's ghost
  9796 | D:9      | Reached skill level 11 in Short Blades
 10318 | D:9      | Reached XP level 12. HP: 72/76 MP: 11/19
 10428 | D:9      | Got a steaming cloak
 10439 | D:9      | Identified the cursed +0 cloak of Pandemonium {rElec rC- rCorr} (You found it on level 9 of the Dungeon)
 11100 | Lair:1   | Entered Level 1 of the Lair of Beasts
 11118 | Lair:1   | Reached skill level 10 in Dodging
 11153 | Lair:1   | Found a labyrinth entrance.
 11189 | Lab      | Entered a labyrinth
 11236 | Lab      | Reached skill level 10 in Evocations
 11263 | Lab      | Reached ***** piety under Pakellas
 11263 | Lab      | Received a gift from Pakellas
 11265 | Lab      | Identified a +2 rod of clouds (11/11) {!a} (Pakellas gifted it to you in a labyrinth)
 11535 | Lab      | Noticed a minotaur
 11558 | Lab      | Killed a minotaur
 11566 | Lab      | Got a coiled marble ring
 11566 | Lab      | Got a steaming trident
 11566 | Lab      | Identified the Collected Works on Lethal Toxins
 11566 | Lab      | Identified the Incunabulum of Earthen Talismans
 11580 | Lab      | Identified a +1 iron rod (13/13) (You found it in a labyrinth)
 12355 | Lair:1   | Identified a +3 rod of shadows (14/14) (You found it in a labyrinth)
 12443 | Lair:2   | Identified the cursed ring of the Falcon {rN+ Dex-3} (You found it in a labyrinth)
 13233 | Lair:2   | Noticed a four-headed hydra
 13386 | Lair:2   | Killed a four-headed hydra
 13520 | Lair:2   | Identified a scroll of acquirement
 13679 | Lair:2   | Reached skill level 11 in Evocations
 13958 | Lair:3   | Reached skill level 10 in Fighting
 13984 | Lair:3   | Reached skill level 15 in Stealth
 14013 | Lair:3   | Reached XP level 13. HP: 71/82 MP: 12/21
 14528 | Lair:3   | Gained mutation: You are somewhat resistant to further mutation. [potion of beneficial mutation]
 14619 | Lair:3   | Reached skill level 11 in Dodging
 14705 | Lair:3   | Reached ****** piety under Pakellas
 14942 | Lair:3   | Identified a +10 iron rod (18/18) (supercharged by Pakellas)
 15024 | Lair:4   | Got a faintly humming ring mail
 15044 | Lair:4   | Identified the +1 ring mail of the Two of Swords {rF- MR+ Int+5} (You found it on level 4 of the Lair of Beasts)
 15258 | Lair:4   | Reached skill level 12 in Evocations
 15942 | Lair:5   | Found a staircase to the Snake Pit.
 16075 | Lair:5   | Noticed an eight-headed hydra
 16085 | Lair:5   | Killed an eight-headed hydra
 16092 | Lair:5   | Noticed a four-headed hydra
 16118 | Lair:5   | Killed a four-headed hydra
 16138 | Lair:5   | Reached skill level 12 in Short Blades
 16764 | Lair:6   | Reached skill level 6 in Armour
 16831 | Lair:6   | Noticed an eight-headed hydra
 16838 | Lair:6   | Killed an eight-headed hydra
 16838 | Lair:6   | Reached XP level 14. HP: 88/88 MP: 15/23
 17405 | Lair:6   | Found a staircase to the Shoals.
 18024 | Lair:7   | Reached skill level 11 in Fighting
 18080 | Lair:7   | Reached skill level 13 in Evocations
 18096 | Lair:7   | Reached skill level 16 in Stealth
 19160 | Lair:8   | Entered Level 8 of the Lair of Beasts
 19171 | Lair:8   | Found a basalt altar of Yredelemnul.
 19266 | Lair:8   | Found a staircase to the Slime Pits.
 19267 | Lair:8   | Found a viscous altar of Jiyva.
 19613 | Lair:8   | Reached skill level 12 in Dodging
 19978 | Lair:8   | Reached skill level 14 in Evocations
 19995 | Lair:8   | Reached XP level 15. HP: 95/95 MP: 25/25
 20209 | Lair:8   | Got an encrusted long sword
 20210 | Lair:8   | Identified the +6 long sword of Makhleb's Benevolence {antimagic, +Inv rC+ rN+} (You found it on level 8 of the Lair of Beasts)
 20488 | D:10     | Entered Level 10 of the Dungeon
 20676 | D:10     | Found a staircase to the Orcish Mines.
 20676 | D:10     | Found Lufakkeyrgh's Armour Boutique.
 20883 | D:10     | Renzlar: can you summon hydra?
 20910 | D:10     | Noticed Psyche
 20914 | D:10     | Killed Psyche
 20989 | D:10     | jerkstore: i have shadow rod
 20989 | D:10     | jerkstore: random summons
 20996 | D:10     | Renzlar: ahh
 21046 | D:10     | Bought the +3 crown of Dyrovepreva {rElec Int+2 SInv} for 538 gold pieces
 21091 | D:10     | Renzlar: nice score with crown
 21098 | D:10     | jerkstore: :D
 21199 | D:10     | Renzlar: yer ghost won't be fun to fight
 21207 | D:10     | jerkstore: i've gotten terribly lucky
 21419 | D:1      | Renzlar: do you know about manticore?
 21602 | D:10     | jerkstore: barbs?
 21609 | D:10     | Renzlar: yeah
 21610 | D:10     | jerkstore: yup, that's why i tele'd
 21657 | Orc:1    | Entered Level 1 of the Orcish Mines
 21670 | Orc:1    | Renzlar: yer strong enough you can fight them so long as you don't haft move
 21671 | Orc:1    | Renzlar: no missil skill?
 21671 | Orc:1    | Renzlar: *missile
 21671 | Orc:1    | jerkstore: there's a book with one but this is my first time trying pakellas
 21671 | Orc:1    | Renzlar: ahh
 21671 | Orc:1    | jerkstore: figured magic doesnt fit well but i have spare MP all the time
 21671 | Orc:1    | Found a flagged portal.
 21709 | Bailey   | Entered a bailey
 21795 | Bailey   | Renzlar: last time i went in one of these i got stomped by an orc warlord clad in a god plate
 22020 | Orc:1    | Renzlar: could i c yer skills for a moment?
 22020 | Orc:1    | Renzlar: ok thnks
 22043 | Orc:1    | jerkstore: gonna be stopping in 5 10 minutes
 22050 | Orc:1    | Renzlar: np
 22065 | Orc:1    | Renzlar: oh you scored a hydra summon
 22120 | Orc:1    | Noticed an orc warlord
 22121 | Orc:1    | Renzlar: whoa
 22158 | Orc:1    | Killed an orc warlord
 22175 | Orc:1    | Reached skill level 17 in Stealth
 22457 | Orc:1    | Found an iron altar of Okawaru.
 22545 | Orc:1    | Noticed Erolcha
 22549 | Orc:1    | Killed Erolcha
 22549 | Orc:1    | Reached skill level 12 in Fighting
 22639 | Orc:1    | jerkstore: why do you like hydra summons?
 22868 | Orc:2    | Entered Level 2 of the Orcish Mines
 23280 | Orc:2    | Noticed an orc warlord
 23296 | Orc:2    | Noticed an orc warlord
 23305 | Orc:2    | Killed an orc warlord
 23305 | Orc:2    | Reached skill level 15 in Evocations
 23331 | Orc:2    | Killed an orc warlord
 23358 | Orc:2    | Found Riegokk's Food Emporium.
 23373 | Orc:2    | Reached skill level 13 in Dodging
 23374 | Orc:2    | Found Wyuhif's Assorted Antiques.
 23380 | Orc:2    | Bought a scroll of identify for 50 gold pieces
 23402 | Orc:2    | Bought a slice of pizza for 16 gold pieces
 23402 | Orc:2    | Bought a meat ration for 55 gold pieces
 23441 | Orc:2    | YuzukiNeo: THE JERK STORE CALLED, THEY RAN OUT OF U!
 23441 | Orc:2    | YuzukiNeo: hahaha im so original i bet no one ever said that to u
 23587 | Orc:2    | Noticed Maud
 23612 | Orc:2    | Killed Maud
 23655 | Orc:2    | Paralysed by an orc sorcerer for 5 turns
 23660 | Orc:2    | HP: 23/96 [orc sorcerer/bolt of fire (27)]
 23746 | Orc:2    | Found a staircase to the Elven Halls.
 23917 | Orc:2    | Found Ceimo's Book Shop.
 24301 | Orc:2    | Noticed an orc warlord
 24348 | Orc:2    | Killed an orc warlord
 24458 | Orc:2    | Found a roughly hewn altar of Beogh.
 24464 | Orc:2    | Reached skill level 13 in Short Blades
 24738 | Orc:2    | Found Mealioh's Antique Armour Boutique.
 24744 | Orc:2    | Reached XP level 16. HP: 95/103 MP: 21/27
 24814 | Orc:2    | Found a roughly hewn altar of Beogh.
 24875 | Orc:2    | Paralysed by an orc sorcerer for 4 turns
 25796 | D:11     | Found an opulent altar of Gozag.
 26159 | D:12     | Reached skill level 16 in Evocations
 26176 | D:12     | Found Imuym's Distillery.
 26277 | D:12     | Found Cesygub's Food Emporium.
 26329 | D:12     | Found Yghelex's General Store.
 26416 | D:12     | Found Ufuefevo's Magic Scroll Shoppe.
 26429 | D:12     | Bought a scroll of enchant armour for 105 gold pieces
 26429 | D:12     | Bought a scroll of brand weapon for 280 gold pieces
 26429 | D:12     | Bought a scroll of identify for 28 gold pieces
 26429 | D:12     | Bought a scroll of identify for 28 gold pieces
 26429 | D:12     | Bought a scroll of teleportation for 42 gold pieces
 26429 | D:12     | Bought a scroll of teleportation for 42 gold pieces
 26429 | D:12     | Bought a scroll of teleportation for 42 gold pieces
 26439 | D:12     | Found Wuekuizu's Jewellery Boutique.
 26444 | D:12     | Bought a +2 ring of slaying for 315 gold pieces
 26596 | D:13     | Found a gate to the Vaults.
 26599 | D:13     | Noticed Norris
 26607 | D:13     | Found a frozen archway.
 26737 | IceCv    | Entered an ice cave
 27007 | IceCv    | Found an ancient bone altar of Kikubaaqudgha.
 27024 | IceCv    | Reached skill level 13 in Fighting
 27471 | D:13     | Paralysed by Norris for 2 turns
 27494 | D:13     | Killed Norris
 27589 | D:13     | Noticed Maurice
 27605 | D:13     | Killed Maurice
 27608 | D:13     | HP: 13/104 [centaur warrior/arrow (24)]
 27726 | D:13     | Noticed Donald
 27752 | D:13     | Killed Donald
 28710 | D:14     | Reached skill level 18 in Stealth
 28779 | D:14     | Reached skill level 14 in Dodging
 29148 | D:14     | Reached skill level 17 in Evocations
 29151 | D:14     | Reached skill level 14 in Short Blades
 29185 | D:14     | Reached XP level 17. HP: 109/109 MP: 29/29
 29438 | D:15     | Entered Level 15 of the Dungeon
 29673 | D:15     | Found a staircase to the Depths.
 31201 | Snake:1  | Entered Level 1 of the Snake Pit
 31544 | Snake:1  | HP: 26/110 [naga ritualist/Olgreb's Toxic Radiance (9)]
 31544 | Snake:1  | HP: 11/110 [black mamba (15)]
 31555 | Snake:1  | HP: 27/110 [poisoned by a black mamba]
 31560 | Snake:1  | HP: 21/110 [poisoned by a black mamba]
 31565 | Snake:1  | HP: 17/110 [poisoned by a black mamba]
 31570 | Snake:1  | HP: 16/110 [poisoned by a black mamba]
 31575 | Snake:1  | HP: 16/110 [poisoned by a black mamba]
 31581 | Snake:1  | HP: 17/110 [poisoned by a black mamba]
 31586 | Snake:1  | HP: 18/110 [poisoned by a black mamba]
 31594 | Snake:1  | HP: 22/110 [poisoned by a black mamba]
 31943 | Snake:1  | HP: 17/110 [shock serpent/electric aura (15)]
 31943 | Snake:1  | HP: 5/110 [shock serpent (12)]
 31943 | Snake:1  | HP: 1/110 [shock serpent (4)]
 32803 | Snake:2  | Reached skill level 18 in Evocations
 33101 | Snake:2  | Got a transparent trident
 33415 | Snake:2  | Reached XP level 18. HP: 106/116 MP: 27/31
 33626 | Snake:2  | Reached skill level 19 in Evocations
 33952 | Snake:2  | Identified the +7 trident "Vuenn" {pain, Dex+8} (You found it on level 2 of the Snake Pit)
 34289 | Snake:4  | Entered Level 4 of the Snake Pit
 34515 | Snake:3  | Reached skill level 14 in Fighting
 34925 | Snake:3  | Reached skill level 19 in Stealth
 35374 | Snake:4  | Reached skill level 15 in Dodging
 36109 | Snake:4  | YuzukiNeo: the jerk store called
 36112 | Snake:4  | YuzukiNeo: they ran out of me :(
 36115 | Snake:4  | jerkstore: im their all time best seller
 36623 | Snake:4  | Reached XP level 19. HP: 118/122 MP: 3/32
 36874 | Snake:4  | Reached skill level 20 in Evocations
 36964 | Snake:4  | Got a serpentine rune of Zot
 37193 | Shoals:1 | Entered Level 1 of the Shoals
 37749 | Shoals:1 | Reached skill level 15 in Fighting
 38103 | Shoals:2 | Noticed Jojapa's ghost (adept MiBe)
 38324 | Shoals:2 | Killed Jojapa's ghost
 38488 | Shoals:2 | Reached skill level 16 in Dodging
 38525 | Shoals:2 | Got a heavily runed marble ring
 38526 | Shoals:2 | Identified the ring "Ferorexu" {rPois Str+2} (You acquired it on level 2 of the Shoals)
 38569 | Shoals:2 | Reached skill level 20 in Stealth
 39731 | Shoals:4 | Entered Level 4 of the Shoals
 39969 | Shoals:4 | Noticed Ilsuiw
 39977 | Shoals:4 | Killed Ilsuiw
 40351 | Shoals:4 | Got a fine ring mail
 40362 | Shoals:4 | Identified the +5 ring mail of Debiah {rC+ Str-5 Dex+7 Stlth+} (You found it on level 4 of the Shoals)
 40443 | Shoals:4 | Reached XP level 20. HP: 130/130 MP: 10/34
 40769 | Shoals:4 | Identified the Incunabulum of the Shifting Rocks (You found it on level 4 of the Shoals)
 40926 | Shoals:4 | Reached skill level 17 in Dodging
 40954 | Shoals:4 | Got a barnacled rune of Zot
 41107 | Lair:7   | Reached skill level 7 in Armour
 41241 | Slime:1  | Entered Level 1 of the Pits of Slime
 41537 | Elf:1    | Entered Level 1 of the Elven Halls
 42097 | Elf:1    | Reached skill level 16 in Fighting
 42267 | Elf:1    | Found Upoquf's Magic Scroll Boutique.
 42273 | Elf:1    | Bought a scroll of acquirement for 780 gold pieces
 42428 | Elf:1    | Reached skill level 21 in Stealth
 42617 | Elf:2    | Found a huge runed gate.
 42617 | Elf:2    | Found a huge runed gate.
 42617 | Elf:2    | Found a huge runed gate.
 42624 | Elf:2    | Found a huge runed gate.
 42625 | Elf:2    | Found a huge runed gate.
 42970 | Elf:2    | Found Plog's Gadget Boutique.
 43600 | Vaults:1 | Entered Level 1 of the Vaults
 43661 | Vaults:1 | Reached skill level 8 in Armour
 43944 | Vaults:1 | Reached skill level 21 in Evocations
 44030 | Vaults:1 | Reached XP level 21. HP: 61/137 MP: 4/35
 44619 | Vaults:1 | Found a portal to a secret trove of treasure.
 44807 | Elf:1    | Bought a scroll of teleportation for 45 gold pieces
 44862 | Elf:3    | Entered Level 3 of the Elven Halls
 44862 | Elf:3    | Noticed Louise
 44866 | Elf:3    | Killed Louise
 45648 | Elf:3    | Reached skill level 18 in Dodging
 46229 | Elf:3    | Got a distressingly furry scale mail
 46568 | Elf:3    | Reached skill level 22 in Stealth
 46614 | Elf:3    | Noticed a Brimstone Fiend
 46863 | Elf:3    | Got an encrusted mace {pain}
 46883 | Elf:3    | Got an ichor-stained dagger {pierce}
 46886 | Elf:3    | Got an encrusted dagger {flame}
 46887 | Elf:3    | Identified the +4 dagger of the Five Blessings {flame, Str+4} (You took it off a deep elf death mage on level 3 of the Elven Halls)
 46888 | Elf:3    | Identified the +10 dagger "Hes Corgh" {pierce, rPois Dex+4} (You took it off a deep elf annihilator on level 3 of the Elven Halls)
 46910 | Elf:3    | Cast into level 2 of the Abyss (a deep elf demonologist)
 47074 | Abyss:2  | Found a corrupted altar of Lugonu.
 47079 | Abyss:2  | Found a corrupted altar of Lugonu.
 47135 | Abyss:2  | Noticed a profane servitor
 47158 | Abyss:2  | Reached skill level 17 in Fighting
 47169 | Abyss:2  | Killed a profane servitor
 47272 | Abyss:3  | Found a corrupted altar of Lugonu.
 47347 | Abyss:3  | Identified the cursed +1 scale mail "Bedoil" {rN+ MR- Int+3} (You took it off a deep elf blademaster on level 3 of the Elven Halls)
 47847 | Abyss:3  | Noticed a lich
 47852 | Abyss:3  | Paralysed by accursed screaming for 2 turns
 47863 | Abyss:3  | Found a corrupted altar of Lugonu.
 48485 | Abyss:3  | Noticed a lich
 48510 | Abyss:4  | Found a runed door.
 48510 | Abyss:4  | Found a runed door.
 48510 | Abyss:4  | Found a runed door.
 48512 | Abyss:4  | Reached XP level 22. HP: 136/145 MP: 5/36
 48518 | Abyss:4  | Got an abyssal rune of Zot
 48573 | Abyss:5  | Entered Level 5 of the Abyss
 48575 | Abyss:5  | Found a corrupted altar of Lugonu.
 48625 | Abyss:5  | Found a corrupted altar of Lugonu.
 48665 | Elf:3    | Escaped the Abyss
 49012 | Elf:3    | Got a jewelled morningstar {flame}
 49079 | Elf:3    | Identified the Compendium of Mutagenic Dislocation
 50296 | D:9      | Reached skill level 22 in Evocations
 50651 | Vaults:1 | Noticed Asterion
 50656 | Vaults:1 | Killed Asterion
 50656 | Vaults:1 | Reached skill level 19 in Dodging
 51002 | D:7      | Bought a scroll of recharging for 133 gold pieces
 51239 | Elf:2    | Bought a +8 lightning rod (12/12) for 1402 gold pieces
 52222 | Vaults:2 | Reached skill level 23 in Stealth
 52341 | Vaults:2 | Reached skill level 18 in Fighting
 53295 | Vaults:2 | Reached XP level 23. HP: 129/152 MP: 3/38
 54022 | Vaults:3 | Noticed Jorgrun
 54139 | Vaults:3 | Killed Jorgrun
 54219 | Vaults:3 | Found a staircase to the Crypt.
 54579 | Vaults:3 | Found Zex Xil's Antique Armour Emporium.
 54673 | Vaults:3 | Cast into level 2 of the Abyss (a deep elf sorcerer)
 55026 | Abyss:2  | Found a corrupted altar of Lugonu.
 55058 | Abyss:2  | Got a faintly glowing plate armour
 55059 | Abyss:2  | Identified the +7 plate armour "Kaczogra" {Regen+ Str+3} (You found it on level 2 of the Abyss)
 55442 | Abyss:3  | Found a corrupted altar of Lugonu.
 55955 | Abyss:3  | Paralysed by a great orb of eyes for 4 turns
 55969 | Abyss:3  | Found a deep blue altar of Sif Muna.
 56002 | Abyss:5  | Entered Level 5 of the Abyss
 56573 | Abyss:5  | Found a corrupted altar of Lugonu.
 56720 | Abyss:5  | Found a corrupted altar of Lugonu.
 56790 | Abyss:5  | Found a corrupted altar of Lugonu.
 56813 | Abyss:5  | Noticed an ancient lich
 56972 | Abyss:5  | Upgraded the game from 0.18-a0-1800-gdc7a371 to 0.18-a0-1808-g3e993bd
 56989 | Abyss:5  | Reached skill level 20 in Dodging
 56990 | Abyss:5  | Reached skill level 24 in Stealth
 57310 | Abyss:5  | HP: 29/153 [wretched star/orb of energy (12)]
 57321 | Abyss:5  | HP: 37/153 [starcursed mass/accursed screaming (10)]
 57321 | Abyss:5  | Paralysed by accursed screaming for 1 turns
 57322 | Abyss:5  | Killed from afar by a primal firebat beast

Vault maps used:
D:1:      erik_arrival_cave_to_civilisation
D:2:      first_bread, uniq_iyjb
D:3:      gup_sewer_entry_glass
D:4:      zin_statuary, nicolae_overflow_hidden_temple, xom_confusion_cloud,
          corexii_shack, uniq_natasha
D:5:      lemuel_castle_with_subvaults, lemuel_coloured_pillars_altar,
          lemuel_doored_altar, minmay_temple_entry_statues_pillars,
          grunt_pakellas_basics
D:6:      uniq_menkaure
D:7:      led_sif_book, serial_shops, shop, uniq_pikel, uniq_crazy_yiuf_cottage
D:8:      minmay_statue_hallways, kennysheep_little_box, minitemple,
          gammafunk_temple_overflow_elements, hangedman_minor_gate_pass
D:9:      due_lair_maze_entry_diamond, serial_ice, serial_ice_c, serial_ice_e,
          serial_ice_a, serial_ice_h, serial_ice_o, serial_ice_j, serial_ice_g
D:10:     orc_david_3, uniq_psyche
D:11:     basic_altar, hangedman_ranch
D:12:     serial_shops, shop, shop_fountains, shop, shop_fountains,
          nicolae_shop_waterfront
D:13:     david_vaults_3, portal_ice_cave_entry_ice_statue_01,
          grunt_ministairs_14, uniq_maurice
D:14:     hangedman_decor_growths, minmay_liquid_box, minivault_20,
          grunt_ministairs_9
D:15:     gammafunk_depths_entry_grave, serial_park_avenue1, serial_aquarium,
          aquarium_bridge_straight, aquarium_bridge_long_separate,
          aquarium_window_1, aquarium_window_fake, aquarium_window_corner,
          aquarium_window_corridor_2, aquarium_view_2a, aquarium_balcony_1b
Temple:   temple_eino_lava_8
Lair:1:   lab_entry_generic
Lair:2:   serial_bayou_lagoon_a, infiniplex_staircase_pool
Lair:3:   forest_paths
Lair:4:   grunt_megastairs_3, serial_bayou_shore_b
Lair:5:   guppyfry_snake_entry_island
Lair:6:   minmay_shoals_entry_lonely_mermaid
Lair:7:   grunt_megastairs_4
Lair:8:   evilmike_catoblepas_cave, slime_altar_1, basic_altar
Shoals:4: shoals_end_simple, shoals_ilsuiw_alternative,
          nicolae_shoals_siren_and_animal_friends
Snake:2:  st_stairs_9
Snake:3:  kennysheep_six_static_rooms, st_stairs_12
Snake:4:  snake_pit
Slime:1:  cheibrodos_slime_lost_civilization_4
Orc:1:    enter_bailey_8, okawaru_metal_pillars_3, uniq_erolcha
Orc:2:    pubby_orc_utopia, serial_shops, uniq_maud
Elf:1:    elf_arrival_002, serial_shops, shop, hangedman_elf_disciples
Elf:2:    serial_shops, nicolae_shop_window_shopping,
          nicolae_elf_big_sculpture_2
Elf:3:    grunt_elf_hall_asides, nooodl_food_tri, uniq_louise
Vaults:1: vaults_dpeg_spiral, hangedman_vaults_capsules,
          nicolae_vaults_three_branches, hangedman_vaults_hat,
          vaults_standard_mumra_lines, nicolae_vaults_puzzle_piece,
          st_hourglassy, vaults_room_stairs_pillars, vaults_room_octagon,
          v_pattern_5, nicolae_vaults_big_angled_halls, enter_trove_5,
          uniq_asterion
Vaults:2: v_rooms_1, v_alt_pattern_4, v_misc_4, hangedman_vaults_slither,
          hangedman_vaults_slice, st_cross, v_misc_14,
          nicolae_vaults_ring_of_whatevers, hangedman_vaults_slice,
          dpeg_vaults_monster_box, ontoclasm_vaults_twist
Vaults:3: special_room_vaults, nicolae_vaults_angled_halls, v_rooms_5,
          minmay_crypt_entry_simple_statues, nicolae_vaults_gold_heap,
          vaults_room_fours, ontoclasm_vaults_eye, vaults_room_corners,
          serial_shops, shop, uniq_jorgrun
Abyss:2:  abyss_furniture_001, evilmike_abyss_exit_3
Abyss:3:  hangedman_shadowy_showcase, evilmike_abyss_exit_chaos
Abyss:4:  hangedman_abyss_rune_macabre_mess, evilmike_abyss_exit_6
Abyss:5:  minivault_22, evilmike_abyss_exit_9, minivault_23,
          serial_sigils_hangedman_shear, hangedman_abyss_stitches_cave
Lab:      nicolae_lab_very_dead_end, labyrinth_skeletal_remains,
          nicolae_lab_checkerboard, lab_hedge, nicolae_lab_x,
          nicolae_lab_diamond
Sewer:    sewer_co_purgy_island
Bailey:   bailey_polearm_1, bailey
IceCv:    ice_cave_small_necro

Skill      XL: |  1  2  3  4  5  6  7  8  9 10 11 12 13 14 15 16 17 18 19 20 21 22 23 |
---------------+----------------------------------------------------------------------+-----
Short Blades   | 3 4 5 9 10 11 12 13 14 | 14.5
Dodging        | 2 3 4 8 9 10 11 12 13 14 15 16 17 18 19 20 | 20.1
Fighting       | 3 4 7 8 9 10 11 12 13 14 15 16 17 18 | 18.9
Throwing       | 3 4 |  4.3
Stealth        | 6 13 14 15 16 17 18 19 20 21 22 23 24 | 24.0
Armour         | 1 5 6 8 |  8.3
Evocations     | 2 7 8 9 11 12 14 15 17 18 19 20 21 22 | 22.9
Staves         | |  0.8

Action                   |  1- 3 |  4- 6 |  7- 9 | 10-12 | 13-15 | 16-18 | 19-21 | 22-24 || total
-------------------------+-------+-------+-------+-------+-------+-------+-------+-------++-------
Melee: Dagger            |    64 |   156 |   118 |  1436 |   849 |       |   261 |  1252 ||  4136
       Quick blade       |       |       |       |       |   610 |  1628 |  1211 |       ||  3449
Invok: Quick Charge      |       |       |       |     4 |    27 |    25 |    47 |    33 ||   136
       Supercharge       |       |       |       |       |     1 |       |       |       ||     1
       Device Surge      |       |       |       |       |     2 |     2 |     2 |     2 ||     8
 Abil: Evoke Invisibilit |       |       |       |       |       |       |     1 |       ||     1
Evoke: Wand              |       |       |       |    45 |    30 |    52 |    64 |    45 ||   236
       Phial of floods   |       |       |       |     1 |     1 |       |       |       ||     2
       Rod               |       |       |       |    28 |   174 |   158 |   179 |   159 ||   698
       Box of beasts     |       |       |       |     1 |       |     1 |       |     1 ||     3
       Disc of storms    |       |       |       |       |       |     1 |     1 |       ||     2
  Use: Scroll            |       |     6 |     2 |    27 |     8 |    17 |    19 |     8 ||    87
       Potion            |       |       |     5 |     2 |     7 |     4 |     4 |     9 ||    31
 Stab: Sleeping          |     5 |    15 |     5 |    53 |   100 |    62 |    95 |    42 ||   377
       Distracted        |       |     1 |       |    14 |    13 |    14 |    16 |    34 ||    92
       Paralysed         |       |       |       |     1 |     1 |     5 |     8 |     1 ||    16
       Confused          |       |       |       |       |     1 |     7 |     7 |       ||    15
       Petrifying        |       |       |       |       |       |    11 |    13 |       ||    24
       Petrified         |       |       |       |       |       |     1 |       |       ||     1
  Eat: Chunk             |    12 |     5 |     4 |    41 |    80 |    60 |    64 |    52 ||   318
       Beef jerky        |       |       |       |     1 |     2 |       |     3 |       ||     6
       Pizza             |       |       |       |       |     2 |     8 |       |       ||    10
       Meat ration       |       |       |       |       |     2 |     2 |     3 |     2 ||     9
       Royal jelly       |       |       |       |       |       |     1 |     2 |     2 ||     5
Armor: Robe              |     6 |    15 |       |       |       |       |       |       ||    21
       Troll hide        |       |     1 |     5 |    19 |       |       |       |       ||    25
       Troll leather arm |       |       |       |    75 |   107 |   154 |    59 |       ||   395
       Ring mail         |       |       |       |       |       |       |   106 |   202 ||   308
Dodge: Dodged            |    32 |    80 |    67 |   865 |  1072 |  1237 |  1377 |  1815 ||  6545

Vault maps used:
D:1:      erik_arrival_cave_to_civilisation
D:2:      first_bread, uniq_iyjb
D:3:      gup_sewer_entry_glass
D:4:      zin_statuary, nicolae_overflow_hidden_temple, xom_confusion_cloud,
          corexii_shack, uniq_natasha
D:5:      lemuel_castle_with_subvaults, lemuel_coloured_pillars_altar,
          lemuel_doored_altar, minmay_temple_entry_statues_pillars,
          grunt_pakellas_basics
D:6:      uniq_menkaure
D:7:      led_sif_book, serial_shops, shop, uniq_pikel, uniq_crazy_yiuf_cottage
D:8:      minmay_statue_hallways, kennysheep_little_box, minitemple,
          gammafunk_temple_overflow_elements, hangedman_minor_gate_pass
D:9:      due_lair_maze_entry_diamond, serial_ice, serial_ice_c, serial_ice_e,
          serial_ice_a, serial_ice_h, serial_ice_o, serial_ice_j, serial_ice_g
D:10:     orc_david_3, uniq_psyche
D:11:     basic_altar, hangedman_ranch
D:12:     serial_shops, shop, shop_fountains, shop, shop_fountains,
          nicolae_shop_waterfront
D:13:     david_vaults_3, portal_ice_cave_entry_ice_statue_01,
          grunt_ministairs_14, uniq_maurice
D:14:     hangedman_decor_growths, minmay_liquid_box, minivault_20,
          grunt_ministairs_9
D:15:     gammafunk_depths_entry_grave, serial_park_avenue1, serial_aquarium,
          aquarium_bridge_straight, aquarium_bridge_long_separate,
          aquarium_window_1, aquarium_window_fake, aquarium_window_corner,
          aquarium_window_corridor_2, aquarium_view_2a, aquarium_balcony_1b
Temple:   temple_eino_lava_8
Lair:1:   lab_entry_generic
Lair:2:   serial_bayou_lagoon_a, infiniplex_staircase_pool
Lair:3:   forest_paths
Lair:4:   grunt_megastairs_3, serial_bayou_shore_b
Lair:5:   guppyfry_snake_entry_island
Lair:6:   minmay_shoals_entry_lonely_mermaid
Lair:7:   grunt_megastairs_4
Lair:8:   evilmike_catoblepas_cave, slime_altar_1, basic_altar
Shoals:4: shoals_end_simple, shoals_ilsuiw_alternative,
          nicolae_shoals_siren_and_animal_friends
Snake:2:  st_stairs_9
Snake:3:  kennysheep_six_static_rooms, st_stairs_12
Snake:4:  snake_pit
Slime:1:  cheibrodos_slime_lost_civilization_4
Orc:1:    enter_bailey_8, okawaru_metal_pillars_3, uniq_erolcha
Orc:2:    pubby_orc_utopia, serial_shops, uniq_maud
Elf:1:    elf_arrival_002, serial_shops, shop, hangedman_elf_disciples
Elf:2:    serial_shops, nicolae_shop_window_shopping,
          nicolae_elf_big_sculpture_2
Elf:3:    grunt_elf_hall_asides, nooodl_food_tri, uniq_louise
Vaults:1: vaults_dpeg_spiral, hangedman_vaults_capsules,
          nicolae_vaults_three_branches, hangedman_vaults_hat,
          vaults_standard_mumra_lines, nicolae_vaults_puzzle_piece,
          st_hourglassy, vaults_room_stairs_pillars, vaults_room_octagon,
          v_pattern_5, nicolae_vaults_big_angled_halls, enter_trove_5,
          uniq_asterion
Vaults:2: v_rooms_1, v_alt_pattern_4, v_misc_4, hangedman_vaults_slither,
          hangedman_vaults_slice, st_cross, v_misc_14,
          nicolae_vaults_ring_of_whatevers, hangedman_vaults_slice,
          dpeg_vaults_monster_box, ontoclasm_vaults_twist
Vaults:3: special_room_vaults, nicolae_vaults_angled_halls, v_rooms_5,
          minmay_crypt_entry_simple_statues, nicolae_vaults_gold_heap,
          vaults_room_fours, ontoclasm_vaults_eye, vaults_room_corners,
          serial_shops, shop, uniq_jorgrun
Abyss:2:  abyss_furniture_001, evilmike_abyss_exit_3
Abyss:3:  hangedman_shadowy_showcase, evilmike_abyss_exit_chaos
Abyss:4:  hangedman_abyss_rune_macabre_mess, evilmike_abyss_exit_6
Abyss:5:  minivault_22, evilmike_abyss_exit_9, minivault_23,
          serial_sigils_hangedman_shear, hangedman_abyss_stitches_cave
Lab:      nicolae_lab_very_dead_end, labyrinth_skeletal_remains,
          nicolae_lab_checkerboard, lab_hedge, nicolae_lab_x,
          nicolae_lab_diamond
Sewer:    sewer_co_purgy_island
Bailey:   bailey_polearm_1, bailey
IceCv:    ice_cave_small_necro

Table legend:
 A = Turns spent in this place as a percentage of turns spent in the entire game.
 B = Non-inter-level travel turns spent in this place as a percentage of non-inter-level travel turns spent in the entire game.
 C = Inter-level travel turns spent in this place as a percentage of turns spent in this place.
 D = Turns resting spent in this place as a percentage of non-inter-level travel turns spent in this place.
 E = Turns spent auto-exploring this place as a percentage of non-inter-level travel turns spent in this place.
 F = Non-inter-level travel turns spent in this place divided by the number of levels of this place that you've seen.
                   A       B       C       D       E      F
               +-------+-------+-------+-------+-------+----------------------
         Total | 100.0 | 100.0 |   0.5 |   1.4 |   5.7 | 484.0
       Dungeon |  27.8 |  27.8 |   0.7 |   1.5 |   7.6 | 475.3
        Temple |   0.0 |   0.0 |  10.0 |   0.0 |  33.3 |   9.0
          Lair |  12.8 |  12.8 |   0.6 |   1.2 |   6.3 | 409.9
        Shoals |   6.1 |   6.1 |   0.4 |   0.8 |   6.3 | 390.8
     Snake Pit |   9.4 |   9.4 |   0.5 |   1.9 |   5.8 | 605.0
    Slime Pits |   0.0 |   0.0 |   0.0 |  16.7 |   0.0 |   6.0
  Orcish Mines |   6.6 |   6.6 |   0.6 |   0.7 |   8.1 | 850.5
   Elven Halls |   8.2 |   8.2 |   0.8 |   3.5 |   7.0 | 700.7
        Vaults |   8.0 |   8.0 |   0.5 |   1.5 |   6.3 | 681.0
         Abyss |  16.6 |  16.7 |   0.0 |   0.7 |   0.4 | 534.4
     Labyrinth |   1.6 |   1.6 |   0.0 |   0.0 |   0.0 | 413.0
         Sewer |   0.5 |   0.5 |   0.0 |   0.0 |  10.3 | 136.0
        Bailey |   0.8 |   0.8 |   0.0 |   0.0 |   1.9 | 212.0
      Ice Cave |   1.4 |   1.4 |   0.0 |   1.6 |   3.8 | 364.0
               +-------+-------+-------+-------+-------+----------------------

Table legend:
 A = Kills in this place as a percentage of kills in entire the game.
 B = Kills by you in this place as a percentage of kills by you in the entire game.
 C = Kills by friends in this place as a percentage of kills by friends in the entire game.
 D = Other kills in this place as a percentage of other kills in the entire game.
 E = Experience gained in this place as a percentage of experience gained in the entire game.
 F = Experience gained in this place divided by the number of levels of this place that you have seen.
                   A       B       C       D       E      F
               +-------+-------+-------+-------+-------+----------------------
         Total | 100.0 | 100.0 | 100.0 | 100.0 | 100.0 | 12898.9
       Dungeon |  27.2 |  30.2 |  10.7 |   0.0 |  11.0 | 5003.6
          Lair |  15.4 |  14.2 |  22.1 |   0.0 |   8.9 | 7597.2
        Shoals |   7.8 |   7.4 |  10.4 |  14.3 |  11.6 | 19801.5
     Snake Pit |   8.7 |   8.3 |  11.4 |   0.0 |  14.9 | 25442.5
  Orcish Mines |  10.7 |  10.3 |  13.0 |  14.3 |   4.1 | 13955.5
   Elven Halls |   8.3 |   8.3 |   7.5 |  42.9 |  18.7 | 42685.3
        Vaults |  11.1 |  10.7 |  13.4 |  14.3 |  18.8 | 42763.7
         Abyss |   6.7 |   7.0 |   4.9 |  14.3 |  10.7 | 9124.8
     Labyrinth |   0.4 |   0.4 |   0.0 |   0.0 |   0.4 | 2456.0
         Sewer |   0.4 |   0.4 |   0.0 |   0.0 |   0.0 | 140.0
        Bailey |   0.8 |   0.7 |   1.3 |   0.0 |   0.2 | 1421.0
      Ice Cave |   2.6 |   2.1 |   5.2 |   0.0 |   0.8 | 5559.0
               +-------+-------+-------+-------+-------+----------------------
